SA
WALLA WALLA WALLEYE @ ALAMEDA AIRMEN
05/20/2028
 
TOP OF THE 1ST
Walla Walla Walleye batting - Pitching for Alameda Airmen : RHP Miguel Cabañas
Pitching: RHP Miguel Cabañas
Batting: LHB Bennett Whitford 0-0: Ground out 4-3 (Groundball, 4)
Batting: RHB Cody Jaeckel 0-0: Called Strike
0-1: SINGLE (Groundball, 56S) (infield hit)
Batting: LHB Rim Hong-Do 0-0: Ball
1-0: Called Strike
Cody Jaeckel is caught stealing 2nd base
1-1: Ball
2-1: Ball
3-1: Ground out 1-3 (Groundball, 13S)
Top of the 1st over - 0 run(s), 1 hit(s), 0 error(s), 0 left on base; Walla Walla 0 - Alameda 0
BOTTOM OF THE 1ST
Alameda Airmen batting - Pitching for Walla Walla Walleye : RHP Denny Tallman
Pitching: RHP Denny Tallman
Batting: LHB Rodrigo Rodríguez 0-0: Swinging Strike
0-1: Ball
1-1: SINGLE (Line Drive, 8LS)
Batting: RHB Javier Marino 0-0: Swinging Strike
0-1: Ball
Rodrigo Rodríguez is caught stealing 2nd base
1-1: Called Strike
1-2: Ground out 6-3 (Groundball, 6)
Batting: LHB Jean Tannen 0-0: SINGLE (Flyball, 7S)
Batting: RHB Howard Lee 0-0: Called Strike
0-1: Foul Ball, location: 2F
0-2: Ball
1-2: Strikes out swinging
Bottom of the 1st over - 0 run(s), 2 hit(s), 0 error(s), 1 left on base; Walla Walla 0 - Alameda 0
TOP OF THE 2ND
Walla Walla Walleye batting - Pitching for Alameda Airmen : RHP Miguel Cabañas
Batting: RHB Dhyana Snigdha 0-0: Ball
1-0: Ball
2-0: Ball
3-0: Called Strike
3-1: Called Strike
3-2: Ground out U3 (Groundball, 3)
Batting: RHB Shuichi Saito 0-0: Ball
1-0: Ball
2-0: Ground out 6-3 (Groundball, 6M)
Batting: RHB Luis Delvalle 0-0: Ball
1-0: Called Strike
1-1: Ball
2-1: Ball
3-1: Swinging Strike
3-2: Base on Balls
Batting: RHB Armaan Ebrahim 0-0: Ball
1-0: Called Strike
1-1: Swinging Strike
1-2: Strikes out swinging
Top of the 2nd over - 0 run(s), 0 hit(s), 0 error(s), 1 left on base; Walla Walla 0 - Alameda 0
BOTTOM OF THE 2ND
Alameda Airmen batting - Pitching for Walla Walla Walleye : RHP Denny Tallman
Batting: SHB Adam Staats 0-0: SINGLE (Line Drive, 4MD)
Batting: RHB Johnny Henshaw-Jacobs 0-0: Ball
1-0: Ball
2-0: Called Strike
2-1: Ball
3-1: Base on Balls
Adam Staats to second
Batting: RHB David Elías 0-0: Ball
1-0: Ball
2-0: Ball
3-0: Base on Balls
Adam Staats to third
Johnny Henshaw-Jacobs to second
Batting: RHB Phil Pettit 0-0: Ball
Balk!
Adam Staats scores
Johnny Henshaw-Jacobs to third
David Elías to second
1-0: Ball
2-0: Foul Ball, location: 2F
2-1: Reached on error, E5 (Groundball, 56S)
Johnny Henshaw-Jacobs scores
David Elías to third
Batting: SHB Wenceslas Holbeche 0-0: Ball
1-0: Ball
2-0: Ground out 4-3 (Groundball, 34D)
David Elías scores
Phil Pettit to second
Batting: LHB Rodrigo Rodríguez 0-0: Ball
1-0: Called Strike
1-1: Ball
2-1: Ball
3-1: Foul Ball, location: 2F
3-2: Ground out 3-1 (Groundball, 34)
Phil Pettit to third
Batting: RHB Javier Marino 0-0: Ground out 6-3 (Groundball, 56)
Bottom of the 2nd over - 3 run(s), 1 hit(s), 1 error(s), 1 left on base; Walla Walla 0 - Alameda 3
TOP OF THE 3RD
Walla Walla Walleye batting - Pitching for Alameda Airmen : RHP Miguel Cabañas
Batting: LHB Brad Mosley 0-0: Called Strike
0-1: Ball
1-1: Bunt missed!
1-2: Ball
2-2: Ball
3-2: Strikes out swinging
Batting: RHB Leonardo Medina 0-0: Ball
1-0: Called Strike
1-1: Swinging Strike
1-2: Ball
2-2: Strikes out swinging
Batting: LHB Bennett Whitford 0-0: Ball
1-0: Ball
2-0: Called Strike
2-1: Ball
3-1: Foul Ball, location: 2F
3-2: Base on Balls
Batting: RHB Cody Jaeckel 0-0: Ball
Bennett Whitford steals 2nd base
1-0: Ball
2-0: Ball
3-0: Base on Balls
Batting: LHB Rim Hong-Do 0-0: Called Strike
0-1: Foul Ball, location: 2F
0-2: Foul Ball, location: 2F
0-2: Ball
1-2: Foul Ball, location: 2F
1-2: Ball
2-2: DOUBLE (Flyball, 7LM)
Bennett Whitford scores
Cody Jaeckel to third
Runner from 3rd tries for Home, SAFE, no throw
Batting: RHB Dhyana Snigdha 0-0: SINGLE (Line Drive, 34)
Rim Hong-Do to third
Runner from 3rd tries for Home, SAFE, no throw
Batting: RHB Shuichi Saito 0-0: Called Strike
Dhyana Snigdha steals 2nd base
0-1: Ball
1-1: Ball
2-1: Swinging Strike
2-2: Foul Ball, location: 2F
2-2: Strikes out swinging
Top of the 3rd over - 3 run(s), 2 hit(s), 0 error(s), 1 left on base; Walla Walla 3 - Alameda 3
BOTTOM OF THE 3RD
Alameda Airmen batting - Pitching for Walla Walla Walleye : RHP Denny Tallman
Batting: LHB Jean Tannen 0-0: Ball
1-0: Called Strike
1-1: Foul Ball, location: 2F
1-2: DOUBLE (Line Drive, 7LS)
Batting: RHB Howard Lee 0-0: SINGLE (Groundball, 4MD)
Jean Tannen to third
Batting: SHB Adam Staats 0-0: Fly out, F9 (Flyball, 9)
Runner from 3rd tags up, OUT at HOME
Howard Lee to second
Batting: RHB Johnny Henshaw-Jacobs 0-0: Swinging Strike
0-1: Ball
1-1: Ball
2-1: SINGLE (Line Drive, 4)
Howard Lee to third
Batting: RHB David Elías 0-0: Ball
1-0: Ball
2-0: Swinging Strike
2-1: Ball
3-1: Foul Ball, location: 2F
3-2: Strikes out swinging
Bottom of the 3rd over - 0 run(s), 3 hit(s), 0 error(s), 2 left on base; Walla Walla 3 - Alameda 3
TOP OF THE 4TH
Walla Walla Walleye batting - Pitching for Alameda Airmen : RHP Miguel Cabañas
Batting: RHB Luis Delvalle 0-0: Swinging Strike
0-1: Called Strike
0-2: Ball
1-2: Ball
2-2: Strikes out swinging
Batting: RHB Armaan Ebrahim 0-0: Fly out, F9 (Flyball, 9S)
Batting: LHB Brad Mosley 0-0: Ground out U3 (Groundball, 34S)
Top of the 4th over - 0 run(s), 0 hit(s), 0 error(s), 0 left on base; Walla Walla 3 - Alameda 3
BOTTOM OF THE 4TH
Alameda Airmen batting - Pitching for Walla Walla Walleye : RHP Denny Tallman
Batting: RHB Phil Pettit 0-0: Called Strike
0-1: Ball
1-1: Ball
2-1: DOUBLE (Line Drive, 7LM)
Batting: SHB Wenceslas Holbeche 0-0: Ball
1-0: Called Strike
1-1: Called Strike
1-2: Strikes out swinging
Batting: LHB Rodrigo Rodríguez 0-0: Swinging Strike
0-1: Ball
1-1: Ball
2-1: SINGLE (Line Drive, 4)
Phil Pettit to third
Runner from 3rd tries for Home, throw and OUT!
Rodrigo Rodríguez to second
Batting: RHB Javier Marino 0-0: Ball
1-0: Ball
2-0: Called Strike
2-1: Ball
3-1: Foul Ball, location: 2F
3-2: Ground out 6-3 (Groundball, 6)
Bottom of the 4th over - 0 run(s), 2 hit(s), 0 error(s), 1 left on base; Walla Walla 3 - Alameda 3
TOP OF THE 5TH
Walla Walla Walleye batting - Pitching for Alameda Airmen : RHP Miguel Cabañas
Batting: RHB Leonardo Medina 0-0: Swinging Strike
0-1: Foul Ball, location: 2F
0-2: Strikes out looking
Batting: LHB Bennett Whitford 0-0: Ball
1-0: Foul Ball, location: 2F
1-1: Ball
2-1: SINGLE (Line Drive, 7LM)
Batting: RHB Cody Jaeckel 0-0: Fly out, F6 (Popup, 4MS)
Batting: LHB Rim Hong-Do 0-0: Ball
1-0: Ground out U3 (Groundball, 34)
Top of the 5th over - 0 run(s), 1 hit(s), 0 error(s), 1 left on base; Walla Walla 3 - Alameda 3
BOTTOM OF THE 5TH
Alameda Airmen batting - Pitching for Walla Walla Walleye : RHP Denny Tallman
Batting: LHB Jean Tannen 0-0: Swinging Strike
0-1: Ball
1-1: Ball
2-1: SINGLE (Groundball, 4MD)
Batting: RHB Howard Lee 0-0: Called Strike
0-1: Ball
1-1: Ball
2-1: Foul Ball, location: 2F
2-2: Ball
3-2: Foul Ball, location: 2F
3-2: Fly out, F9 (Flyball, 89D)
Batting: SHB Adam Staats 0-0: Ball
1-0: Called Strike
1-1: Ball
2-1: Foul Ball, location: 2F
2-2: Strikes out looking
Batting: RHB Johnny Henshaw-Jacobs 0-0: Foul Ball, location: 2F
0-1: Ball
1-1: Swinging Strike
1-2: Ball
2-2: Foul Ball, location: 2F
2-2: Strikes out swinging
Bottom of the 5th over - 0 run(s), 1 hit(s), 0 error(s), 1 left on base; Walla Walla 3 - Alameda 3
TOP OF THE 6TH
Walla Walla Walleye batting - Pitching for Alameda Airmen : RHP Miguel Cabañas
Batting: RHB Dhyana Snigdha 0-0: Fly out, F9 (Flyball, 9LMF)
Batting: RHB Shuichi Saito 0-0: Swinging Strike
0-1: Foul Ball, location: 2F
0-2: Ball
1-2: Ball
2-2: Strikes out swinging
Batting: RHB Luis Delvalle 0-0: Foul Ball, location: 2F
0-1: Swinging Strike
0-2: Ball
1-2: Strikes out swinging
Top of the 6th over - 0 run(s), 0 hit(s), 0 error(s), 0 left on base; Walla Walla 3 - Alameda 3
BOTTOM OF THE 6TH
Alameda Airmen batting - Pitching for Walla Walla Walleye : RHP Denny Tallman
Batting: RHB David Elías 0-0: Ball
1-0: Ground out 6-3 (Groundball, 6)
Batting: RHB Phil Pettit 0-0: Ground out 6-3 (Groundball, 6M)
Batting: SHB Wenceslas Holbeche 0-0: Ground out 1-3 (Groundball, 13)
Bottom of the 6th over - 0 run(s), 0 hit(s), 0 error(s), 0 left on base; Walla Walla 3 - Alameda 3
TOP OF THE 7TH
Walla Walla Walleye batting - Pitching for Alameda Airmen : RHP Miguel Cabañas
Pinch Hitting: RHB Jim Unknown 0-0: Ball
1-0: Ball
2-0: Ball
3-0: Base on Balls
Pitching: RHP Marvin Cahill
Batting: LHB Brad Mosley 0-0: Ball
1-0: Sac Bunt - play at first, batter OUT! 1-3
Jim Unknown to second
Pinch Hitting: LHB Jim Unknown 0-0: Ball
1-0: Ball
2-0: Ball
3-0: Base on Balls
Batting: LHB Bennett Whitford 0-0: Ball
1-0: Ball
2-0: Called Strike
2-1: Swinging Strike
2-2: Grounds into double play, 6-4-3 (Groundball, 6M)
Top of the 7th over - 0 run(s), 0 hit(s), 0 error(s), 1 left on base; Walla Walla 3 - Alameda 3
BOTTOM OF THE 7TH
Alameda Airmen batting - Pitching for Walla Walla Walleye : RHP Denny Tallman
Now at 1B: Jim Unknown
Now in LF: Rex Criscuolo
Pinch Hitting: LHB Jim Unknown 0-0: Ball
1-0: Foul Ball, location: 2F
1-1: Ball
2-1: Ball
3-1: Base on Balls
Pitching: RHP Fernando Barraza
Batting: RHB Javier Marino 0-0: Called Strike
0-1: Ball
1-1: Ball
2-1: Ball
3-1: Swinging Strike
3-2: Foul Ball, location: 2F
3-2: Strikes out swinging
Jim Unknown steals 2nd base
Batter strikes out.
Batting: LHB Jean Tannen 0-0: Intentional Walk
Batting: RHB Howard Lee 0-0: Ball
1-0: Called Strike
1-1: Ball
2-1: Foul Ball, location: 2F
2-2: Fly out, F8 (Flyball, 78XD)
Runner from 2nd tags up, SAFE at 3rd, no throw
Batting: SHB Adam Staats 0-0: Ball
1-0: Swinging Strike
1-1: Swinging Strike
1-2: Ball
2-2: Foul Ball, location: 2F
2-2: Ball
3-2: Foul Ball, location: 2F
3-2: Foul Ball, location: 2F
3-2: Fly out, F9 (Flyball, 9S)
Bottom of the 7th over - 0 run(s), 0 hit(s), 0 error(s), 2 left on base; Walla Walla 3 - Alameda 3
TOP OF THE 8TH
Walla Walla Walleye batting - Pitching for Alameda Airmen : RHP Marvin Cahill
Now in RF: Jim Unknown
Pinch Hitting: LHB Javier Reyes 0-0: Fly out, F6 (Line Drive, 6M)
Batting: LHB Rim Hong-Do 0-0: Ball
1-0: Called Strike
1-1: Foul Ball, location: 2F
1-2: Strikes out swinging
Batting: RHB Dhyana Snigdha 0-0: Called Strike
0-1: Called Strike
0-2: Ground out 6-3 (Groundball, 6S)
Top of the 8th over - 0 run(s), 0 hit(s), 0 error(s), 0 left on base; Walla Walla 3 - Alameda 3
BOTTOM OF THE 8TH
Alameda Airmen batting - Pitching for Walla Walla Walleye : RHP Fernando Barraza
Now in CF: Javier Reyes
Batting: RHB Johnny Henshaw-Jacobs 0-0: Called Strike
0-1: Swinging Strike
0-2: Foul Ball, location: 2F
0-2: Ball
1-2: Ball
2-2: Ball
3-2: Strikes out swinging
Batting: RHB David Elías 0-0: Called Strike
0-1: Foul Ball, location: 2F
0-2: Ball
1-2: Foul Ball, location: 2F
1-2: Strikes out swinging
Batting: RHB Phil Pettit 0-0: Foul Ball, location: 2F
0-1: Swinging Strike
0-2: Ball
1-2: Ball
2-2: Foul Ball, location: 2F
2-2: Strikes out swinging
Bottom of the 8th over - 0 run(s), 0 hit(s), 0 error(s), 0 left on base; Walla Walla 3 - Alameda 3
TOP OF THE 9TH
Walla Walla Walleye batting - Pitching for Alameda Airmen : RHP Marvin Cahill
Pitching: RHP Pieter Spitsbaard
Batting: RHB Shuichi Saito 0-0: Called Strike
0-1: Fly out, F7 (Flyball, 7)
Pinch Hitting: RHB Harunobu Matsushita 0-0: Called Strike
0-1: Ball
1-1: Ball
2-1: Ball
3-1: Base on Balls
Pinch Runner at 1st Teofanía Contreras:
Batting: RHB Rex Criscuolo 0-0: Called Strike
0-1: Ball
1-1: Ball
2-1: Called Strike
2-2: Strikes out swinging
Pinch Hitting: RHB Martin Myers 0-0: Called Strike
Teofanía Contreras steals 2nd base
0-1: Ground out 6-3 (Groundball, 6)
Top of the 9th over - 0 run(s), 0 hit(s), 0 error(s), 1 left on base; Walla Walla 3 - Alameda 3
BOTTOM OF THE 9TH
Alameda Airmen batting - Pitching for Walla Walla Walleye : RHP Fernando Barraza
Now at 2B: Teofanía Contreras
Now at SS: Martin Myers
Pinch Hitting: RHB Teobaldo Pasquetto 0-0: Ball
1-0: Ball
2-0: Ball
3-0: Swinging Strike
3-1: Foul Ball, location: 2F
3-2: Foul Ball, location: 2F
3-2: Foul Ball, location: 2F
3-2: Strikes out swinging
Pitching: RHP Martyn Drdio
Batting: LHB Jim Unknown 0-0: Called Strike
0-1: Ball
1-1: Ball
2-1: SINGLE (Groundball, 34D)
Batting: RHB Javier Marino 0-0: Called Strike
0-1: Called Strike
Jim Unknown steals 2nd base
0-2: Ball
1-2: Foul Ball, location: 2F
1-2: Strikes out swinging
Batting: LHB Jean Tannen 0-0: DOUBLE (Line Drive, 7LM)
Jim Unknown scores
Wednesday, July 12th, 2017 - OOTP Baseball 17.12 Build 75